 Dungeon Crawl Stone Soup version 0.30-a0-626-gd6a5dd7a1f (webtiles) character file.

Game seed: 421065223115944172

43103 bmack86 the Warrior (level 13, -3/127 HPs)
             Began as a Minotaur Fighter on Jan 11, 2023.
             Was a High Priest of Okawaru.
             Slain by a thrashing horror (9 damage)
             ... on level 1 of the Abyss on Jan 12, 2023.
             The game lasted 00:37:08 (17479 turns).

bmack86 the Warrior (Minotaur Fighter)             Turns: 17479, Time: 00:37:09

Health: -3/127     AC: 28    Str: 33    XL:     13   Next: 89%
Magic:  17/18      EV: 10    Int:  0    God:    Okawaru [*****.]
Gold:   810        SH:  8    Dex: 11    Spells: 12/12 levels left

rFire   . . .      SeeInvis .    s - +4 broad axe of Corporal Punishment {freeze, Int+3}
rCold   + + .      Faith    .    c - +0 buckler
rNeg    . . .      Spirit   .    n - +0 plate armour
rPois   .          Reflect  .    m - +0 hat "Bucviups" {rC++ Str+4 Int-4}
rElec   .          Harm     .    y - +2 cloak
rCorr   .          Rampage  .    G - +2 pair of gloves
Will    +....                    e - +2 pair of boots Stlth
                                 (no amulet)
HPRegen 0.41/turn                p - +6 ring of strength
MPRegen 0.16/turn                q - ring of willpower

@: heroic, slowed, lost intelligence, studying Staves, unable to read, very slow
A: horns 2, retaliatory headbutt, [dopey 2], [screaming 1], [weak 1]
a: Renounce Religion, Heroism, Finesse, Duel


You were on level 1 of the Abyss.
You worshipped Okawaru.
Okawaru was extremely pleased with you.
You visited 3 branches of the dungeon, and saw 16 of its levels.
You visited the Abyss 1 time.

You collected 838 gold pieces.
You spent 28 gold pieces at shops.

Inventory:

Hand Weapons
 s - the +4 broad axe of Corporal Punishment (weapon) {freeze, Int+3}
   (Okawaru gifted it to you on level 4 of the Lair of Beasts)

   Int:       It affects your intelligence (+3).
 N - a +4 war axe of flaming
 S - a +2 broad axe of pain
Missiles
 i - 24 poisoned darts
 w - 5 boomerangs of dispersal (quivered)
 F - 9 javelins
 Q - 2 boomerangs
Armour
 c - a +0 buckler (worn)
 e - a +2 pair of boots (worn)
 l - a +2 scale mail of fire resistance
 m - the +0 hat "Bucviups" (worn) {rC++ Str+4 Int-4}
   (You found it on level 2 of the Dungeon)

   Str:       It affects your strength (+4).
   Int:       It affects your intelligence (-4).
   rC:        It greatly protects you from cold.
 n - a +0 plate armour (worn)
 y - a +2 cloak (worn)
 B - a scarf of shadows
 D - a +3 scale mail of willpower
 E - the +2 ring mail "Yweamow" {+Blink}
   (Okawaru gifted it to you on level 1 of the Abyss)

   +Blink:    It lets you blink.
 G - a +2 pair of gloves (worn)
 I - a +0 pair of boots of rampaging
Jewellery
 p - a +6 ring of strength (left hand)
 q - a ring of willpower (right hand)
 C - a ring of protection from cold
 J - a ring of ice
Wands
 o - a wand of light (11)
 v - a wand of roots (8)
 L - a wand of flame (22)
 M - a wand of mindburst (3)
Scrolls
 b - 3 scrolls of immolation
 h - 3 scrolls of teleportation
 j - 3 scrolls of poison
 k - 4 scrolls of torment
 r - 2 scrolls of magic mapping
 x - 2 scrolls of vulnerability
 H - 5 scrolls of identify
 R - a scroll of fear
Potions
 a - a potion of magic
 d - 2 potions of might
 f - 6 potions of ambrosia
 g - 2 potions of resistance
 t - 8 potions of curing
 u - a potion of heal wounds
 z - 3 potions of flight
 A - a potion of cancellation
 K - a potion of invisibility
 O - a potion of haste


   Skills:
 * Level 15.2(20.2) Fighting
 * Level 15.0(20.0) Axes
 + Level 8.6(13.6) Throwing
 + Level 11.1(16.1) Armour
 + Level 11.2(16.2) Shields
 + Level 8.0 Invocations


You had 12 spell levels left.
You didn't know any spells.
Your spell library contained the following spells:

 Spells                   Type           Power      Damage    Failure   Level
 Magic Dart               Conj           0%         1d3       98%         1
 Ensorcelled Hibernation  Hex/Ice        0%         N/A       99%         2
 Passwall                 Tmut/Erth      0%         N/A       99%         2
 Mephitic Cloud           Conj/Pois/Air  0%         N/A       100%        3
 Spider Form              Tmut/Pois      0%         N/A       100%        3
 Stone Arrow              Conj/Erth      0%         3d7       100%        3
 Swiftness                Air            0%         N/A       100%        3
 Anguish                  Hex/Necr       0%         N/A       100%        4
 Passage of Golubria      Tloc           0%         N/A       100%        4
 Yara's Violent Unravell  Hex/Tmut       0%         3d3       100%        5
 Conjure Ball Lightning   Conj/Air       0%         3x3d6     100%        6
 Discord                  Hex            0%         N/A       100%        8
 Disjunction              Tloc           0%         N/A       100%        8
 Lehudib's Crystal Spear  Conj/Erth      0%         10d2      100%        8
 Call Imp                 Summ           Unusable   N/A       N/A         2
 Tukima's Dance           Hex            Unusable   N/A       N/A         3
 Animate Armour           Summ/Erth      Unusable   N/A       N/A         4

Dungeon Overview and Level Annotations

Branches:
Dungeon (10/15)            Temple (1/1) D:5            Lair (5/5) D:8
 Shoals (0/4) Lair:2       Spider (0/4) Lair:2        Slime (0/5) Lair:5
    Orc: D:9-12

Altars:
Ashenzari
Dithmenos
Elyvilon
Fedhas
Gozag
Hepliaklqana
Kikubaaqudgha
Makhleb
Okawaru
Qazlal
Vehumet
Wu Jian
Yredelemnul
The Shining One
Jiyva

Shops:
D:1 ?!

Portals:
Trove: D:10 (give 2 scrolls of acquirement)

Annotations:
D:3 2 transporters, lesbiats's ghost, weakling TrFi
D:4 2 transporters, Chaicat's ghost, amateur MiFi


Innate Abilities, Weirdness & Mutations

You have a pair of horns on your head.
You reflexively headbutt those who attack you in melee.
[You are very dopey. (Int -4)]
[You occasionally shout uncontrollably at your foes.]
[You are weak. (Str -2)]


Message History

The thrashing horror completely misses you.
The thrashing horror tramples you but does no damage. x3
You slash the thrashing horror! You freeze the thrashing horror.
Your headbutt misses the thrashing horror.
The thrashing horror is moderately damaged.
The thrashing horror tramples you but does no damage.
The thrashing horror closely misses you.
You closely miss the thrashing horror.
The thrashing horror is moderately damaged.
The thrashing horror tramples you.
* * * LOW HITPOINT WARNING * * *
You stumble backwards!
A harpy simulacrum comes into view.
The thrashing horror tramples you but does no damage. x2
The thrashing horror closely misses you.
You furiously retaliate!
You headbutt the thrashing horror.
The thrashing horror closely misses you.
You gain the combat prowess of a mighty hero.
The thrashing horror barely misses you. The thrashing horror tramples you.
* * * LOW HITPOINT WARNING * * *
You stumble backwards!
The thrashing horror tramples you but does no damage. x2
The thrashing horror tramples you.
* * * LOW HITPOINT WARNING * * *
You hold your ground!
The thrashing horror tramples you but does no damage.
You slice the thrashing horror!! You freeze the thrashing horror.
The thrashing horror is almost destroyed.
The thrashing horror churns violently!
The thrashing horror seems to grow stronger.
The thrashing horror tramples you.
* * * LOW HITPOINT WARNING * * *
You hold your ground!
The thrashing horror tramples you but does no damage.
You barely miss the thrashing horror.
The thrashing horror is almost destroyed.
The thrashing horror tramples you!
* * * LOW HITPOINT WARNING * * *
You hold your ground!
The thrashing horror tramples you!
You die...

# .# # #... .. .
.#. ...# #.####
...# ##
....#.....## ...
##§ .. .
......##..###.. #
.#.. .
...#..#.#.#.###
.....##.....#.....#
.. §#
.#..X.#...##.# .. .
X#@........# . ...
#Z.. .####......#
.... .###...
.#...### . .#
..#.... #. # # . .
.#. .# #.# .# #
...# #. ... #.. ###
## . .# ..# # # ##.
.#. #


You could see a thrashing horror (strong).

Vanquished Creatures
  6 hydras
  3 boulder beetles
  A catoblepas (Lair:5)
  2 two-headed ogres (D:10)
  A thrashing horror (Abyss:1)
  A wretched star (Abyss:1)
  A manticore (D:8)
  9 black mambas
  A merfolk siren (Lair:2)
  10 elephants
  Joseph (D:7)
  A torpor snail (Lair:4)
  A gargoyle (D:10)
  An unseen horror (D:10)
  11 cane toads
  9 komodo dragons
  2 rime drakes (Lair:4)
  An ancient zyme (Lair:5)
  A polar bear (Lair:5)
  A meliai (Lair:2)
  4 dream sheep (Lair:3)
  15 blink frogs
  4 raiju (Abyss:1)
  A wraith (D:8)
  A shadow (D:9)
  An ettin skeleton (Abyss:1)
  A wyvern (D:9)
  40 yaks
  5 basilisks (Lair:5)
  3 vampire mosquitoes (D:10)
  2 chaos spawn (Lair:5)
  10 small abominations
  2 steam dragons (D:8)
  An acid dragon (D:8)
  Edmund (D:5)
  15 water moccasins
  A sky beast (D:8)
  An orc warrior (D:8)
  A black bear (D:8)
  An ogre (D:6)
  16 wolves
  2 centaurs
  A phantom (D:5)
  A kobold brigand (D:7)
  A necrophage (D:6)
  13 bullfrogs
  3 gnoll sergeants
  4 scorpions
  8 wights
  6 killer bees
  6 jellies
  A hound (D:7)
  4 orc priests
  4 iguanas
  7 starcursed masses (Abyss:1)
  Terence (D:2)
  4 orc wizards
  21 gnolls
  7 adders
  2 shadow imps
  2 white imps
  2 ufetubi
  4 dart slugs
  32 orcs
  7 ball pythons
  4 bats
  8 endoplasms
  6 giant cockroaches
  7 goblins
  6 hobgoblins
  2 jackals (D:2)
  2 quokkas
  A frilled lizard (D:3)
  10 kobolds
  4 rats
  A butterfly (Lair:5)
384 creatures vanquished.

Vanquished Creatures (others)
  32 fungi
  25 plants
57 creatures vanquished.

Grand Total: 441 creatures vanquished

Notes
Turn   | Place    | Note
-------+----------+-------------------------------------------
     0 | D:1      | bmack86 the Minotaur Fighter began the quest for the Orb.
     0 | D:1      | Reached XP level 1. HP: 19/19 MP: 0/0
   139 | D:1      | Reached XP level 2. HP: 27/27 MP: 1/1
   284 | D:1      | Found Lyukycoq's Distillery.
   686 | D:1      | Found Niaguote's Magic Scroll Shoppe.
   691 | D:1      | Bought a scroll of identify for 28 gold pieces
   934 | D:1      | Reached XP level 3. HP: 30/33 MP: 2/2
  1021 | D:2      | Noticed Terence
  1036 | D:2      | Killed Terence
  1037 | D:2      | Reached XP level 4. HP: 31/41 MP: 3/3
  1145 | D:2      | Identified the +0 hat "Bucviups" {rC++ Str+4 Int-4}
  1894 | D:3      | Reached XP level 5. HP: 43/47 MP: 4/4
  1897 | D:3      | Reached skill level 5 in Fighting
  1950 | D:3      | Found a white marble altar of Elyvilon.
  1960 | D:3      | Found a transporter.
  1962 | D:3      | Found a transporter.
  1988 | D:3      | Noticed lesbiats's ghost (weakling TrFi)
  1996 | D:3      | Identified the +2 halberd of Dithmenos's Hatred {venom, rF-
                  | rCorr Stlth+}
  2220 | D:3      | Found a glowing golden altar of the Shining One.
  2594 | D:4      | Found a burning altar of Makhleb.
  2709 | D:4      | Found a stormy altar of Qazlal.
  2812 | D:4      | Noticed Chaicat's ghost (amateur MiFi)
  2813 | D:4      | Noticed an ogre
  2816 | D:4      | Found a transporter.
  2816 | D:4      | Identified the +8 dire flail of Guilt {flame, rCorr}
  2816 | D:4      | Noticed an ogre
  2821 | D:4      | Found a transporter.
  2947 | D:4      | Reached skill level 1 in Throwing
  2957 | D:4      | Found an opulent altar of Gozag.
  2957 | D:4      | Found an ornate altar of the Wu Jian Council.
  2958 | D:4      | Found a shadowy altar of Dithmenos.
  3241 | D:4      | Reached XP level 6. HP: 32/56 MP: 5/5
  3490 | D:5      | Entered Level 5 of the Dungeon
  3593 | D:5      | Found a staircase to the Ecumenical Temple.
  3610 | D:5      | Reached skill level 5 in Axes
  3617 | Temple   | Entered the Ecumenical Temple
  3624 | Temple   | Became a worshipper of Warmaster Okawaru
  3718 | D:5      | Noticed a water moccasin
  3731 | D:5      | Killed a water moccasin
  3732 | D:5      | Reached skill level 5 in Armour
  3732 | D:5      | Reached skill level 5 in Shields
  3732 | D:5      | Reached XP level 7. HP: 27/63 MP: 6/6
  4410 | D:5      | Noticed Edmund
  4417 | D:5      | Killed Edmund
  4417 | D:5      | Reached * piety under Okawaru
  4644 | D:6      | Found a broken altar of Ashenzari.
  4671 | D:6      | Reached XP level 8. HP: 50/68 MP: 7/7
  4775 | D:6      | Found a hazy altar of Hepliaklqana.
  4885 | D:6      | Reached skill level 1 in Invocations
  5347 | D:6      | Reached ** piety under Okawaru
  5545 | D:7      | Noticed Joseph
  5555 | D:7      | Killed Joseph
  5556 | D:7      | Reached XP level 9. HP: 24/81 MP: 9/9
  6209 | D:8      | Reached *** piety under Okawaru
  6701 | D:8      | Noticed a manticore
  6712 | D:8      | Killed a manticore
  6969 | D:8      | Reached **** piety under Okawaru
  7007 | D:8      | Found a staircase to the Lair.
  7133 | D:8      | Reached XP level 10. HP: 62/92 MP: 11/11
  7718 | D:9      | Reached skill level 10 in Fighting
  8132 | D:10     | Entered Level 10 of the Dungeon
  8173 | D:10     | Reached skill level 5 in Throwing
  8181 | D:10     | Reached skill level 10 in Axes
  8484 | D:10     | Received a gift from Okawaru
  8820 | D:10     | Found a portal to a secret trove of treasure.
  8922 | D:10     | Noticed a two-headed ogre
  8931 | D:10     | Reached ***** piety under Okawaru
  8932 | D:10     | Killed a two-headed ogre
  8933 | D:10     | Reached XP level 11. HP: 83/102 MP: 10/13
  8934 | D:10     | Identified the +4 ring mail "Feillimi" {-Cast rN+ Dex+4
                  | Stlth+} (Okawaru gifted it to you on level 10 of the
                  | Dungeon)
  8934 | D:10     | Received a gift from Okawaru
  9094 | D:10     | Noticed a two-headed ogre
  9097 | D:10     | Killed a two-headed ogre
  9098 | D:10     | Reached skill level 5 in Invocations
  9414 | D:10     | Found a blossoming altar of Fedhas.
  9418 | D:10     | Found an ancient bone altar of Kikubaaqudgha.
  9421 | D:10     | Found a basalt altar of Yredelemnul.
  9490 | Lair:1   | Entered Level 1 of the Lair of Beasts
 10554 | Lair:1   | Received a gift from Okawaru
 11246 | Lair:2   | Reached XP level 12. HP: 113/113 MP: 15/15
 11424 | Lair:2   | Found a transporter.
 11424 | Lair:2   | Noticed a boulder beetle
 11425 | Lair:2   | Found a transporter.
 11425 | Lair:2   | Noticed a boulder beetle
 11446 | Lair:2   | Killed a boulder beetle
 11458 | Lair:2   | Killed a boulder beetle
 11601 | Lair:2   | Found a hole to the Spider Nest.
 12043 | Lair:2   | Found a staircase to the Shoals.
 12122 | Lair:2   | Noticed a four-headed hydra
 12131 | Lair:2   | Killed a one-headed hydra
 12951 | Lair:3   | Noticed an eight-headed hydra
 12959 | Lair:3   | Killed a four-headed hydra
 12959 | Lair:3   | Received a gift from Okawaru
 12960 | Lair:3   | Reached skill level 10 in Shields
 13020 | Lair:3   | Noticed a seven-headed hydra
 13025 | Lair:3   | Killed a four-headed hydra
 13026 | Lair:3   | Reached skill level 10 in Armour
 13271 | Lair:3   | Received a gift from Okawaru
 14188 | Lair:4   | Reached XP level 13. HP: 94/124 MP: 17/17
 14493 | Lair:4   | Identified the +4 broad axe of Corporal Punishment {freeze,
                  | Int+3} (Okawaru gifted it to you on level 4 of the Lair of
                  | Beasts)
 14493 | Lair:4   | Received a gift from Okawaru
 14497 | Lair:4   | Reached ****** piety under Okawaru
 15327 | Lair:5   | Entered Level 5 of the Lair of Beasts
 16025 | Lair:5   | Received a gift from Okawaru
 16528 | Lair:5   | Received a gift from Okawaru
 16658 | Lair:5   | Found a runed translucent door.
 16661 | Lair:5   | Found a viscous altar of Jiyva.
 16705 | Lair:5   | Found a staircase to the Slime Pits.
 16951 | Lair:5   | Reached skill level 15 in Fighting
 17167 | Abyss:1  | Cast into level 1 of the Abyss (spriggan)
 17332 | Abyss:1  | Noticed a starcursed mass
 17336 | Abyss:1  | Paralysed by accursed screaming for 1 turns
 17423 | Abyss:1  | Lost intelligence.
 17443 | Abyss:1  | HP: 5/127 [thrashing horror (4)]
 17463 | Abyss:1  | Reached skill level 15 in Axes
 17464 | Abyss:1  | HP: 2/127 [thrashing horror (14)]
 17465 | Abyss:1  | Identified the +2 ring mail "Yweamow" {+Blink} (Okawaru
                  | gifted it to you on level 1 of the Abyss)
 17465 | Abyss:1  | Received a gift from Okawaru
 17479 | Abyss:1  | HP: 6/127 [thrashing horror (9)]
 17479 | Abyss:1  | Slain by a thrashing horror

Illustrated notes

Levels and vault maps discovered:
D:1:      evilmike_arrival_rings, layout_loops_ring, serial_shops,
          nicolae_shop_window_shopping, nicolae_shop_hallway_stairs,
          minmay_tall_x
D:2:      layout_loops_cross, uniq_terence
D:3:      layout_basic, nicolae_overflow_hidden_temple,
          mainiacjoe_overflow_concentric_impassable,
          gammafunk_ghost_gnarly_gnolls, minmay_distorted
D:4:      nicolae_BIG_FREAKIN_CUBE, layout_gridville,
          nicolae_qazlal_general_emergency, gammafunk_temple_overflow_claw,
          mainiacjoe_overflow_small_starburst, gammafunk_ghost_smash,
          minmay_misc_feat_ornament
D:5:      layout_rooms, temple_green, uniq_edmund
D:6:      layout_gridville, amcnicky_altar_gilded, ashenzari_conservatory_becter
D:7:      layout_cave_pools, uniq_joseph
D:8:      layout_basic, grunt_lair_entry_orc_guard_hut, minmay_manual_moon
D:9:      layout_rooms
D:10:     layout_cave_pools, minmay_overflow_temple_star_quad, enter_trove_0
Temple:   compressed_dpeg_circular_temple
Lair:1:   layout_layer_cave, beast_lair_carwin_11, lemuel_fruit_fields
Lair:2:   gammafunk_boulding_lane, layout_cave_pods,
          minmay_shoals_entry_lonely_mermaid, hellmonk_spider_entry_not_the_bees
Lair:3:   layout_cave_pods, beast_lair_carwin_10
Lair:4:   layout_small_grid, chequers_serial_rivers_micro_c,
          serial_bayou_shore_b, grunt_megastairs_3
Lair:5:   hellmonk_lair_end_abyssal_woods, layout_cave_pods, slime_entry_2,
          serial_bayou_crossing, lemuel_fruit_tree, grunt_megastairs_2,
          serial_bayou_shore_a, lemuel_fruit_fields
Abyss:1:  base: D:10, eino_small_chamber_without_monster

Skill      XL: |  1  2  3  4  5  6  7  8  9 10 11 12 13 |
---------------+----------------------------------------+-----
Fighting       | 4 5 6 7 8 9 11 12 14 15 | 15.2
Axes           | 3 4 5 6 7 9 10 12 13 15 | 15.0
Armour         | 4 5 6 7 8 9 10 11 | 11.1
Shields        | 4 5 6 7 8 9 10 11 | 11.2
Throwing       | 1 2 3 4 5 6 7 8 |  8.6
Invocations    | 2 3 4 5 7 8 |  8.0

Action                   |  1- 3 |  4- 6 |  7- 9 | 10-12 | 13-15 || total
-------------------------+-------+-------+-------+-------+-------++-------
Melee: War axe           |    48 |   139 |   188 |   350 |    41 ||   766
       Headbutt          |     4 |    20 |    26 |    66 |    53 ||   169
       Broad axe         |       |       |       |       |   200 ||   200
Throw: Dart              |     1 |       |       |       |       ||     1
       Boomerang         |       |       |       |       |     1 ||     1
Invok: Heroism           |       |       |     2 |     6 |     4 ||    12
       Finesse           |       |       |       |     1 |       ||     1
  Use: Scroll            |     2 |     8 |    12 |     7 |     3 ||    32
       Potion            |       |       |       |     1 |     4 ||     5
Armor: Scale mail        |    24 |    73 |    72 |       |       ||   169
       Plate armour      |       |       |   104 |   263 |   197 ||   564
Dodge: Dodged            |    23 |    68 |    82 |   138 |   110 ||   421
Block: Buckler           |    12 |    31 |    61 |   130 |    86 ||   320

Table legend: (Time is in decaauts)
 A = Elapsed time spent in this place.
 B = Non-inter-level travel time spent in this place.
 C = Inter-level travel time spent in this place.
 D = Time resting spent in this place.
 E = Time spent auto-exploring this place.
 F = Levels seen in this place.
 G = Mean time per level.
                   A        B        C        D        E       F      G
               +--------+--------+--------+--------+--------+-----+--------+
         Total |  17552 |  17065 |    487 |   1389 |  11725 |  17 | 1032.5 |
       Dungeon |   9498 |   9158 |    340 |    394 |   6367 |  10 |  949.8 |
        Temple |     90 |     90 |      0 |     76 |      0 |   1 |   90.0 |
          Lair |   7638 |   7491 |    147 |    836 |   5358 |   5 | 1527.6 |
         Abyss |    325 |    325 |      0 |     83 |      0 |   1 |  325.0 |
               +--------+--------+--------+--------+--------+-----+--------+

Top non-repeatable levels by time:
  Lair:5: 1837 daAuts
  Lair:1: 1514 daAuts
  Lair:2: 1469 daAuts
     D:8: 1411 daAuts
  Lair:4: 1409 daAuts
  Lair:3: 1407 daAuts
    D:10: 1306 daAuts
     D:4: 1006 daAuts
     D:1: 991 daAuts
     D:5: 970 daAuts
     D:6: 911 daAuts
     D:3: 810 daAuts
     D:2: 773 daAuts
     D:7: 712 daAuts
     D:9: 605 daAuts
